 Dungeon Crawl Stone Soup version 0.26-a0-1049-g242049e08c (webtiles) character file.

Game seed: 3812804956806588822

88523 Froggeryz the Brawler (level 15, -9/84 HPs)
             Began as a Vine Stalker Berserker on Dec 11, 2020.
             Was the Champion of Trog.
             Mangled by a titanic slime creature (65 damage)
             ... on level 14 of the Dungeon on Dec 12, 2020.
             The game lasted 00:33:46 (18825 turns).

Froggeryz the Brawler (Vine Stalker Berserker)     Turns: 18825, Time: 00:33:47

Health: -9/84      AC: 26    Str: 28    XL:     15   Next: 94%
Magic:  0/16       EV: 11    Int:  9    God:    Trog [******]
Gold:   1704       SH:  7    Dex: 16    Spells: 14/14 levels left

rFire    + . .     SeeInvis .     - Unarmed
rCold    + . .     Faith    .   T - +0 buckler
rNeg     + . .     Spirit   +   Y - +1 chain mail of Existentialism {rF+} (curse)
rPois    .         Reflect  .   X - +0 helmet of Ixixen {rN+ Str+4 Int+2} (curse)
rElec    .         Harm     .   K - +2 cloak {rC+}
rCorr    .         Rampage  .   I - +2 pair of gloves
Will     +....                  B - +1 pair of boots {run}
Stlth    ..........             d - amulet of regeneration
HPRegen  1.44/turn              F - +4 ring of slaying
MPRegen  0.15/turn              a - +4 ring of protection

@: studying Throwing, quick
A: fangs 3, regeneration 2, magic shield, antimagic bite, no potion heal 3, rot
immunity
a: Berserk, Trog's Hand, Brothers in Arms, Renounce Religion


You were on level 14 of the Dungeon.
You worshipped Trog.
Trog was exalted by your worship.
You visited 4 branches of the dungeon, and saw 23 of its levels.
You also visited: Bailey and Ice Cave.

You collected 2877 gold pieces.
You spent 1173 gold pieces at shops.

Inventory:

Missiles
 i - 2 silver javelins
 s - 2 javelins
 H - 6 throwing nets
 U - 13 curare-tipped darts
Armour
 B - a +1 pair of boots of running (worn)
 I - a +2 pair of gloves (worn)
 K - a +2 cloak of cold resistance (worn)
 T - a +0 buckler (worn)
 X - the cursed +0 helmet of Ixixen (worn) {rN+ Str+4 Int+2}
   (You bought it in a shop on level 2 of the Orcish Mines)

   It affects your strength (+4).
   It affects your intelligence (+2).
   It protects you from negative energy.
   It has a curse placed upon it.
 Y - the cursed +1 chain mail of Existentialism (worn) {rF+}
   (You bought it in a shop on level 2 of the Orcish Mines)

   It protects you from fire.
   It has a curse placed upon it.
Jewellery
 a - a +4 ring of protection (right hand)
 c - an uncursed ring of protection from fire
 d - an amulet of regeneration (around neck)
 v - an uncursed ring of protection from fire
 w - an uncursed ring of see invisible
 C - an uncursed ring of resist corrosion
 F - a +4 ring of slaying (left hand)
Wands
 j - a wand of disintegration (32)
 q - a wand of random effects (65)
 r - a wand of polymorph (16)
 x - a wand of flame (51)
 y - a wand of iceblast (64)
 G - a wand of paralysis (19)
 L - a wand of acid (16)
 V - a wand of digging (6)
Scrolls
 f - 6 scrolls of identify
 h - 10 scrolls of remove curse
 l - 3 scrolls of enchant armour
 t - 6 scrolls of blinking
 z - 4 scrolls of enchant weapon
 D - 3 scrolls of fog
 M - a scroll of summoning
 N - 3 scrolls of fear
 O - a scroll of magic mapping
 P - 3 scrolls of teleportation
Potions
 b - 5 potions of might
 e - 3 potions of resistance
 g - 2 potions of invisibility
 k - 5 potions of ambrosia
 m - 5 potions of lignification
 n - 10 potions of curing
 o - 3 potions of berserk rage
 p - 4 potions of attraction
 A - 2 potions of mutation
 E - 3 potions of flight
 J - a potion of haste
Books
 W - a manual of Throwing
Miscellaneous
 u - a lightning rod (4/4)
 R - a tin of tremorstones (2/2)
 S - a tin of tremorstones (2/2)


   Skills:
 + Level 12.1 Fighting
 + Level 8.9 Armour
 - Level 3.3 Dodging
 + Level 9.4 Shields
 * Level 18.6 Unarmed Combat
 - Level 4.0 Evocations


You had 14 spell levels left.
You didn't know any spells.
Your spell library contained the following spells:

 Spells                   Type           Power        Failure   Level
 Summon Small Mammal      Summ           #...         88%         1
 Call Imp                 Summ           #.......     95%         2
 Call Canine Familiar     Summ           #.......     99%         3
 Summon Guardian Golem    Hex/Summ       #.......     99%         3
 Ice Form                 Ice/Tmut       #.......     100%        4
 Summon Ice Beast         Ice/Summ       #.......     100%        4
 Summon Lightning Spire   Summ/Air       #.......     100%        4
 Metabolic Englaciation   Hex/Ice        #.........   100%        5
 Freezing Cloud           Conj/Ice/Air   #.........   100%        6
 Ozocubu's Refrigeration  Ice            #.........   100%        6
 Simulacrum               Ice/Necr       #.........   100%        6


Dungeon Overview and Level Annotations

Branches:
Dungeon (14/15)            Temple (1/1) D:5            Lair (6/6) D:9
 Shoals (0/4) Lair:3       Spider (0/4) Lair:3        Slime (0/5) Lair:6
    Orc (2/2) D:12            Elf (0/3) Orc:2        Bailey (visited)
  IceCv (visited)
 Vaults: D:13-14

Altars:
Cheibriados
Elyvilon
Gozag
Hepliaklqana
Kikubaaqudgha
Nemelex Xobeh
Qazlal
Trog
Uskayaw
Vehumet
Xom
Yredelemnul
Zin
The Shining One
Jiyva

Shops:
D:11 *   Orc:2 ([[*

Portals:
Trove: D:12 (give 2 scrolls of acquirement)

Annotations:
Lair:2 exclusion: oklob plant


Innate Abilities, Weirdness & Mutations

You have razor-sharp teeth.
You heal very quickly.
When hurt, damage is shared between your health and your magic reserves.
Your bite disrupts and absorbs the magic of your enemies.
Potions cannot restore your health.
You are immune to rotting.


Message History

You punch the enormous slime creature!
The enormous slime creature is almost dead.
A slime creature comes into view.
You pummel the enormous slime creature!!
You bite the enormous slime creature! You drain its power.
The enormous slime creature is almost dead.
You block the enormous slime creature's attack.
Two slime creatures merge to form a titanic slime creature.
You pummel the titanic slime creature!!
Your bite misses the titanic slime creature.
The titanic slime creature is almost dead.
You hit the titanic slime creature but do no damage.
You bite the titanic slime creature! You drain its power.
The titanic slime creature is almost dead.
You pummel the titanic slime creature!!
Your bite misses the titanic slime creature.
The titanic slime creature is almost dead.
The titanic slime creature hits you!!!!
Ouch! That really hurt!
You die...

#...#
###.# #.#
#####.###
#...#...#
#.#.#.#.#
#...#.#.#
###.#.#.#
#...#@#
#####J#
..# ####


You could see a titanic slime creature.

Vanquished Creatures
  Rupert (Lair:6)
  Jorgrun (D:14)
  6 dire elephants (Lair:6)
  An ettin (Orc:2)
  3 hydras
  An anaconda (Lair:6)
  2 boulder beetles
  2 catoblepae
  13 two-headed ogres
  A death knight (D:14)
  2 ogre magi (Orc:2)
  2 orc high priests
  The ghost of Drevant2 the Placeless Elf, a journeyman DECj of Sif Muna (D:11)
  Sonja (D:11)
  An unseen horror (D:10)
  3 deep trolls
  2 phantasmal warriors (D:14)
  A necromancer (IceCv)
  An oklob plant (Lair:1)
  A deep elf mage (D:14)
  4 cyclopes
  3 ugly things
  4 manticores
  A moth of wrath (D:11)
  2 centaur zombies
  A merfolk siren (Lair:3)
  17 elephants
  3 black mambas
  Psyche (D:11)
  8 cane toads
  An ice statue (IceCv)
  A torpor snail (Lair:6)
  3 gargoyles
  10 freezing wraiths (IceCv)
  4 rime drakes
  10 komodo dragons
  A tengu conjurer (D:13)
  13 trolls
  2 ice devils (Lair:5)
  A jumping spider (Lair:3)
  A merfolk (Lair:3)
  A polar bear (Lair:5)
  A hornet (D:11)
  8 slime creatures
  16 blink frogs
  A redback (Lair:3)
  Sigmund (D:5)
  A shadow (D:12)
  36 yaks
  A water elemental (D:13)
  7 wyverns
  2 basilisks
  2 wraiths
  2 steam dragons
  2 death yak simulacra (IceCv)
  5 vampire mosquitoes
  5 insubstantial wisps (D:11)
  2 soldier ants (D:14)
  9 water moccasins
  An acid dragon (D:13)
  2 sky beasts
  8 ice beasts
  22 orc warriors
  2 phantoms
  27 ogres
  An alligator simulacrum (IceCv)
  3 black bears
  9 wolves
  6 centaurs
  12 big kobolds
  Blork the orc (D:4)
  11 gnoll sergeants
  15 bullfrogs
  A wyvern zombie (D:13)
  A wyvern skeleton (D:9)
  5 scorpions
  11 killer bees
  An elephant simulacrum (IceCv)
  19 wights
  An electric eel (D:14)
  A vampire bat (Lair:5)
  2 howler monkeys
  A quasit (D:12)
  4 draconian simulacra (IceCv)
  10 hounds
  20 orc priests
  A bullfrog skeleton (D:13)
  5 jellies
  3 centaur skeletons
  6 gnoll shamans (Bailey)
  3 iguanas
  24 orc wizards
  4 hell rats (Lair:6)
  4 troll simulacra (IceCv)
  8 worker ants
  2 spriggan simulacra (IceCv)
  3 centaur simulacra (IceCv)
  A hound skeleton (D:4)
  A worker ant zombie (D:5)
  17 gnolls
  5 adders
  3 ogre simulacra (IceCv)
  4 naga simulacra (IceCv)
  A shadow imp (D:5)
  13 white imps
  3 ufetubi
  An ooze (D:1)
  An adder skeleton (D:5)
  3 worms
  2 dart slugs (D:1)
  4 leopard geckos
  74 orcs
  14 bats
  7 giant cockroaches
  8 goblins
  4 hobgoblins
  25 jackals
  3 quokkas
  2 ball pythons
  5 frilled lizards
  14 kobolds
  A leopard gecko zombie (D:5)
  A quokka skeleton (D:6)
  7 rats
723 creatures vanquished.

Vanquished Creatures (others)
  A troll (D:9)
  A yak (D:9)
  2 orcs
  15 fungi
  26 plants
45 creatures vanquished.

Grand Total: 768 creatures vanquished

Notes
Turn   | Place    | Note
-------+----------+-------------------------------------------
     0 | D:1      | Froggeryz the Vine Stalker Berserker began the quest for
                  | the Orb.
     0 | D:1      | Reached XP level 1. HP: 11/11 MP: 2/2
    63 | D:1      | Reached XP level 2. HP: 16/16 MP: 3/3
   141 | D:1      | Reached skill level 4 in Unarmed Combat
   144 | D:1      | Reached XP level 3. HP: 13/19 MP: 2/4
   524 | D:1      | Reached ** piety under Trog
   984 | D:2      | Found a hazy altar of Hepliaklqana.
  1624 | D:3      | Gained mutation: Your natural rate of healing is unusually
                  | fast. [Vine Stalker growth]
  1624 | D:3      | Reached XP level 4. HP: 23/23 MP: 5/5
  1704 | D:3      | Reached skill level 5 in Unarmed Combat
  1710 | D:3      | Reached XP level 5. HP: 27/27 MP: 6/6
  1759 | D:3      | Reached *** piety under Trog
  1989 | D:3      | Found a basalt altar of Yredelemnul.
  2368 | D:4      | Reached skill level 6 in Unarmed Combat
  2368 | D:4      | Reached XP level 6. HP: 32/32 MP: 7/7
  2452 | D:4      | Noticed Blork the orc
  2462 | D:4      | Killed Blork the orc
  2513 | D:4      | Reached XP level 7. HP: 28/35 MP: 6/8
  2524 | D:4      | Reached skill level 7 in Unarmed Combat
  2674 | D:5      | Entered Level 5 of the Dungeon
  2707 | D:5      | Reached **** piety under Trog
  2773 | D:5      | Found a hide-covered altar of Uskayaw.
  2840 | D:5      | Found a radiant altar of Vehumet.
  2866 | D:5      | Found a staircase to the Ecumenical Temple.
  3119 | D:5      | Found a stormy altar of Qazlal.
  3335 | D:5      | Noticed Sigmund
  3382 | D:5      | Killed Sigmund
  3383 | D:5      | Reached skill level 8 in Unarmed Combat
  3636 | Temple   | Entered the Ecumenical Temple
  3678 | D:6      | Gained mutation: You have razor-sharp teeth. [Vine Stalker
                  | growth]
  3678 | D:6      | Reached XP level 8. HP: 19/39 MP: 4/9
  4101 | D:6      | Reached skill level 9 in Unarmed Combat
  5021 | D:7      | Reached XP level 9. HP: 32/45 MP: 6/10
  5107 | D:7      | Reached skill level 10 in Unarmed Combat
  5418 | D:8      | Reached skill level 1 in Shields
  5926 | D:9      | Killed a troll
  5968 | D:9      | Found a glowing silver altar of Zin.
  5970 | D:9      | Noticed an angel
  5974 | D:9      | Found a shimmering altar of Xom.
  5980 | D:9      | Noticed a troll
  5993 | D:9      | Killed a troll
  5994 | D:9      | Reached skill level 5 in Fighting
  6035 | D:9      | Noticed a troll
  6043 | D:9      | Killed a troll
  6044 | D:9      | Reached skill level 11 in Unarmed Combat
  6058 | D:9      | Found a shimmering altar of Xom.
  6227 | D:9      | Reached XP level 10. HP: 51/51 MP: 11/11
  6325 | D:9      | Found a staircase to the Lair.
  6339 | D:9      | Found a sparkling altar of Nemelex Xobeh.
  6659 | Lair:1   | Entered Level 1 of the Lair of Beasts
  6687 | Lair:1   | Noticed a cane toad
  6694 | Lair:1   | Killed a cane toad
  6696 | Lair:1   | Noticed an oklob plant
  6746 | Lair:1   | Killed an oklob plant
  6877 | Lair:1   | Reached skill level 12 in Unarmed Combat
  6914 | Lair:1   | Reached ***** piety under Trog
  6992 | Lair:1   | Reached skill level 5 in Shields
  7008 | Lair:1   | Reached XP level 11. HP: 13/58 MP: 10/12
  7676 | Lair:1   | Reached skill level 13 in Unarmed Combat
  7753 | Lair:2   | Reached skill level 1 in Evocations
  7838 | Lair:2   | Noticed an eight-headed hydra
  7860 | Lair:2   | Killed an eight-headed hydra
  8185 | Lair:2   | Reached skill level 14 in Unarmed Combat
  8236 | Lair:2   | Noticed an oklob plant
  8396 | Lair:3   | Gained mutation: You heal very quickly. [Vine Stalker
                  | growth]
  8396 | Lair:3   | Reached XP level 12. HP: 61/65 MP: 11/13
  8400 | Lair:3   | Found a hole to the Spider Nest.
  8826 | Lair:3   | Found a staircase to the Shoals.
  8994 | Lair:3   | Noticed a catoblepas
  9006 | Lair:3   | Killed a catoblepas
  9961 | Lair:5   | Noticed a five-headed hydra
  9965 | Lair:5   | Reached skill level 15 in Unarmed Combat
  9970 | Lair:5   | Killed a five-headed hydra
  9978 | Lair:5   | Found a frozen archway.
  9994 | IceCv    | Entered an ice cave
 10103 | IceCv    | Received a gift from Trog
 10154 | IceCv    | Reached skill level 5 in Armour
 10265 | IceCv    | Reached XP level 13. HP: 70/70 MP: 8/14
 10352 | IceCv    | Found an ancient bone altar of Kikubaaqudgha.
 11195 | Lair:5   | Received a gift from Trog
 11459 | Lair:6   | Entered Level 6 of the Lair of Beasts
 11592 | Lair:6   | Reached skill level 10 in Fighting
 11592 | Lair:6   | Reached skill level 16 in Unarmed Combat
 11897 | Lair:6   | Noticed Rupert
 11909 | Lair:6   | Killed Rupert
 12453 | Lair:6   | Found a viscous altar of Jiyva.
 12454 | Lair:6   | Found a staircase to the Slime Pits.
 12766 | Lair:6   | Reached XP level 14. HP: 77/77 MP: 15/15
 12881 | Lair:6   | Noticed a dire elephant
 12881 | Lair:6   | Noticed a dire elephant
 12886 | Lair:6   | Noticed a dire elephant
 12895 | Lair:6   | Killed a dire elephant
 12898 | Lair:6   | Killed a dire elephant
 12902 | Lair:6   | Killed a dire elephant
 12930 | Lair:6   | Got a faintly humming ring mail
 12932 | Lair:6   | Identified the +2 ring mail "Hefol" {Regen+} (You found it
                  | on level 6 of the Lair of Beasts)
 13011 | Lair:6   | Noticed a dire elephant
 13012 | Lair:6   | Noticed a dire elephant
 13031 | Lair:6   | Killed a dire elephant
 13036 | Lair:6   | Killed a dire elephant
 13080 | Lair:6   | Noticed a dire elephant
 13092 | Lair:6   | Killed a dire elephant
 13209 | D:10     | Entered Level 10 of the Dungeon
 13433 | D:10     | Received a gift from Trog
 13545 | D:10     | Reached skill level 17 in Unarmed Combat
 13985 | D:11     | Found a flagged portal.
 13996 | Bailey   | Entered a bailey
 14675 | D:11     | Found Leadgh's General Store.
 14686 | D:11     | Bought a scroll of blinking for 90 gold pieces
 14686 | D:11     | Bought 2 potions of resistance for 240 gold pieces
 14717 | D:11     | Noticed Psyche
 14720 | D:11     | Noticed Sonja
 14725 | D:11     | Killed Psyche
 14768 | D:11     | Killed Sonja
 14784 | D:11     | Noticed Drevant2's ghost (journeyman DECj)
 14787 | D:11     | Found a transporter.
 14794 | D:11     | Found a bloodstained altar of Trog.
 14801 | D:11     | Found a transporter.
 15101 | D:12     | Received a gift from Trog
 15297 | D:12     | Found a portal to a secret trove of treasure.
 15690 | D:12     | Found a staircase to the Orcish Mines.
 15856 | D:11     | Killed Drevant2's ghost
 15962 | Orc:1    | Entered Level 1 of the Orcish Mines
 15975 | Orc:1    | Reached XP level 15. HP: 78/83 MP: 16/16
 16366 | Orc:2    | Entered Level 2 of the Orcish Mines
 16366 | Orc:2    | Found a staircase to the Elven Halls.
 16378 | Orc:2    | Received a gift from Trog
 16518 | Orc:2    | Found Coupn's Assorted Antiques.
 16717 | Orc:1    | Reached skill level 18 in Unarmed Combat
 16851 | Orc:2    | Found Uhud Qopp's Antique Weapon Emporium.
 16854 | Orc:2    | Found Qeokhlo's Armour Boutique.
 16893 | Orc:2    | Received a gift from Trog
 16899 | Orc:2    | Found Quanehy's Armour Boutique.
 16907 | Orc:2    | Bought the cursed +0 helmet of Ixixen {rN+ Str+4 Int+2} for
                  | 379 gold pieces
 16917 | Orc:2    | Bought a pair of glowing boots for 142 gold pieces
 16928 | Orc:2    | Bought a pair of runed boots for 142 gold pieces
 16938 | Orc:2    | Identified a +1 pair of boots of running (You bought it in
                  | a shop on level 2 of the Orcish Mines)
 16939 | Orc:2    | Bought a translucent chain mail for 180 gold pieces
 16939 | Orc:2    | Identified the cursed +1 chain mail of Existentialism {rF+}
                  | (You bought it in a shop on level 2 of the Orcish Mines)
 18136 | D:13     | Reached ****** piety under Trog
 18533 | D:14     | Noticed Jorgrun
 18544 | D:14     | Killed Jorgrun
 18825 | D:14     | Mangled by a titanic slime creature

Illustrated notes

Levels and vault maps discovered:
D:1:      dpeg_arrival_rooms_b, layout_basic, minmay_misc_feat_hallway,
          moated_statue
D:2:      layout_basic, lemuel_doored_altar, serial_curves, eino_curves_02,
          eino_curves_04, kennysheep_generic_room_2
D:3:      layout_rooms, lemuel_crystal_altar
D:4:      layout_basic, minmay_a_box_with_orc_wizards_in_it, uniq_blork_the_orc
D:5:      layout_gridville, eat_drink_and_be_merry_uskayaw, kennysheep_mini,
          nicolae_qazlal_eye_of_the_storm, minmay_temple_entry_arrows,
          uniq_sigmund
D:6:      layout_loops_cross
D:7:      layout_basic
D:8:      layout_loops_ring
D:9:      layout_irregular_city, grunt_temple_overflow_order_and_chaos_1,
          nemelex_altar_shiori, lair_entry_dummy, xom_confusion_cloud
D:10:     layout_irregular_city
D:11:     layout_cave_pools, enter_bailey_3, serial_shops, shop,
          gammafunk_ghost_wrathful_warriors, pond, uniq_sonja, uniq_psyche
D:12:     layout_stronghold, kennysheep_orc_monster_closet_entryway,
          enter_trove_0
D:13:     layout_basic, minmay_unpleasant_kobolds
D:14:     layout_roguey, david_vaults_5, minmay_crystal_water, serial_shops,
          kennysheep_little_box, uniq_jorgrun
Temple:   nicolae_temple_great_sept
Lair:1:   layout_gridlike, nicolae_quartered_pool_little,
          minmay_lair_oklob_chamber
Lair:2:   layout_misc_corridors, grunt_megastairs_2
Lair:3:   layout_big_grid, elwin_shoals_entry_rooms, spider_nest_entry_a,
          grunt_forest_small_clearing_treed, infiniplex_staircase_pool_2
Lair:4:   layout_cellular_growth
Lair:5:   layout_regular_city, portal_ice_cave_demonic_guard, roderic_batcave
Lair:6:   due_jungle_book, layout_cave_pods, dpeg_slime_entry_enclosed_altar,
          uniq_rupert
Orc:1:    layout_caves
Orc:2:    st_orc_open, layout_caves

Skill      XL: |  1  2  3  4  5  6  7  8  9 10 11 12 13 14 15 |
---------------+----------------------------------------------+-----
Unarmed Combat | 4 5 6 8 9 11 12 14 15 16 17 18 | 18.6
Armour         | 2 3 4 5 6 7 8 |  8.9
Fighting       | 4 5 6 8 9 10 11 12 | 12.1
Shields        | 3 5 6 8 9 |  9.4
Evocations     | 3 4 |  4.0
Dodging        | 3 |  3.3

Action                   |  1- 3 |  4- 6 |  7- 9 | 10-12 | 13-15 || total
-------------------------+-------+-------+-------+-------+-------++-------
Melee: Unarmed           |   109 |   141 |   333 |   442 |  1121 ||  2146
       Bite              |    24 |    51 |   101 |   194 |   479 ||   849
       Punch             |     1 |     3 |    17 |    41 |    65 ||   127
Invok: Berserk           |       |     1 |     3 |     9 |     9 ||    22
       Trog's Hand       |       |       |       |     1 |    10 ||    11
Evoke: Wand              |       |       |       |     1 |     2 ||     3
  Use: Scroll            |       |       |    12 |    15 |    10 ||    37
       Potion            |       |       |       |       |     1 ||     1
 Stab: Sleeping          |     1 |     1 |       |       |       ||     2
       Invisible         |       |       |       |       |     7 ||     7
Armor: Ring mail         |    24 |       |       |       |   290 ||   314
       Leather armour    |    25 |    76 |   129 |   156 |   105 ||   491
       Chain mail        |       |       |       |       |    67 ||    67
Dodge: Dodged            |    78 |   110 |   184 |   190 |   587 ||  1149
Block: Buckler           |       |       |       |       |   155 ||   155

Table legend: (Time is in decaauts)
 A = Elapsed time spent in this place.
 B = Non-inter-level travel time spent in this place.
 C = Inter-level travel time spent in this place.
 D = Time resting spent in this place.
 E = Time spent auto-exploring this place.
 F = Levels seen in this place.
 G = Mean time per level.
                   A        B        C        D        E       F      G
               +--------+--------+--------+--------+--------+-----+--------+
         Total |  18428 |  17647 |    781 |   1410 |  12145 |  25 |  737.1 |
       Dungeon |  10180 |   9697 |    483 |    335 |   7344 |  14 |  727.1 |
        Temple |      5 |      3 |      2 |      0 |      2 |   1 |    5.0 |
          Lair |   5613 |   5403 |    210 |    595 |   3645 |   6 |  935.5 |
  Orcish Mines |   1358 |   1273 |     85 |    181 |    699 |   2 |  679.0 |
        Bailey |    388 |    388 |      0 |      0 |    208 |   1 |  388.0 |
      Ice Cave |    882 |    882 |      0 |    298 |    246 |   1 |  882.0 |
               +--------+--------+--------+--------+--------+-----+--------+

Top non-repeatable levels by time:
  Lair:6: 1588 daAuts
  Lair:1: 996 daAuts
     D:7: 964 daAuts
     D:5: 957 daAuts
    D:13: 924 daAuts
   IceCv: 882 daAuts
     D:2: 872 daAuts
   Orc:2: 843 daAuts
  Lair:4: 809 daAuts
    D:11: 803 daAuts
     D:9: 793 daAuts
    D:12: 789 daAuts
  Lair:5: 781 daAuts
     D:1: 765 daAuts
  Lair:3: 758 daAuts
